 Dungeon Crawl Stone Soup version 0.30-a0-591-g3c58d2bc28 (webtiles) character file.

Game seed: 735149302068538889

13187 wormed the Transmogrifier (level 12, -10/81 HPs)
             Began as an Octopode Transmuter on Jan 4, 2023.
             Was an Initiate of Gozag.
             Mangled by a boulder beetle (22 damage)
             ... on level 10 of the Dungeon.
             The game lasted 00:21:33 (13278 turns).

wormed the Transmogrifier (Octopode Transmuter)    Turns: 13278, Time: 00:21:33

Health: -10/81     AC:  2    Str: 10    XL:     12   Next: 3%
Magic:  23/23      EV: 19    Int: 32    God:    Gozag
Gold:   251        SH:  0    Dex: 24    Spells: 18/25 levels left

rFire   x . .      SeeInvis .      - Unarmed
rCold   + . .      Faith    .    (no shield)
rNeg    . . .      Spirit   .    w - +1 hat
rPois   .          Reflect  .    t - amulet of the acrobat
rElec   .          Harm     .    m - ring of ice
rCorr   .          Rampage  .    y - +6 ring of dexterity
Will    .....                    u - +6 ring of intelligence
Stlth   +++                      c - +6 ring of intelligence
HPRegen 0.33/turn                C - +6 ring of dexterity
MPRegen 0.18/turn                (no ring)
                                 (no ring)
                                 (no ring)

@: mighty, brilliant, hasted, very quick
A: almost no armour, amphibious, 8 rings, camouflage 1, gelatinous body 1,
(nimble swimmer 1), tentacles
a: Renounce Religion, Potion Petition, Call Merchant, Bribe Branch


You were on level 10 of the Dungeon.
You worshipped Gozag.
Gozag was aware of your devotion.
You visited 2 branches of the dungeon, and saw 12 of its levels.

You collected 1453 gold pieces.
You paid 1202 gold pieces to Gozag.

Inventory:

Armour
 b - the +8 kite shield of the Curious Wonders {+Inv Will- Int+8}
   (You acquired it on level 2 of the Dungeon)

   Int:       It affects your intelligence (+8).
   +Inv:      It lets you turn invisible.
   Will:      It decreases your willpower.
 w - a +1 hat (worn)
Jewellery
 c - a +6 ring of intelligence (on tentacle)
 m - a ring of ice (left tentacle)
 t - an amulet of the acrobat (around mantle)
 u - a +6 ring of intelligence (on tentacle)
 y - a +6 ring of dexterity (right tentacle)
 C - a +6 ring of dexterity (on tentacle)
Scrolls
 a - 3 scrolls of butterflies
 i - a scroll of identify
 k - 9 scrolls of teleportation
 l - 2 scrolls of silence {unknown}
 n - 2 scrolls of blinking {unknown}
 o - 2 scrolls of fog {unknown}
 p - a scroll of fear {unknown}
 q - 4 scrolls of amnesia {unknown}
 s - 3 scrolls of enchant weapon {unknown}
 v - a scroll of noise {unknown}
 z - a scroll of poison {unknown}
Potions
 d - 3 potions of attraction
 e - 3 potions of brilliance
 f - 3 potions of mutation
 g - 3 potions of invisibility
 j - 2 potions of degeneration
 r - a potion of cancellation
 x - a potion of resistance
 B - 2 potions of flight


   Skills:
 + Level 7.4 Fighting
 + Level 7.8 Dodging
 + Level 8.0 Unarmed Combat
 + Level 7.3 Spellcasting
 * Level 10.8 Transmutations
 - Level 5.0 Ice Magic


You had 18 spell levels left.
You knew the following spells:

 Your Spells              Type           Power      Damage    Failure   Level
a - Ice Form              Ice/Tmut       96%        N/A       1%          4
b - Wereblood             Tmut           89%        N/A       1%          2
c - Beastly Appendage     Tmut           100%       N/A       1%          1

Your spell library contained the following spells:

 Spells                   Type           Power      Damage    Failure   Level
 Spider Form              Tmut/Pois      63%        N/A       1%          3
 Petrify                  Tmut/Erth      63%        N/A       4%          4
 Metabolic Englaciation   Hex/Ice        29%        N/A       36%         5
 Statue Form              Tmut/Erth      42%        N/A       54%         6


Dungeon Overview and Level Annotations

Branches:
Dungeon (11/15)            Temple (1/1) D:5             Orc (0/2) D:11
   Lair: D:8-11

Altars:
Ashenzari
Cheibriados
Dithmenos
Elyvilon
Fedhas
Gozag
Hepliaklqana
Kikubaaqudgha
Makhleb
Nemelex Xobeh
Okawaru
Qazlal
Ru
Sif Muna
Trog
Uskayaw
Vehumet
Wu Jian
Xom
Yredelemnul
Zin
The Shining One

Shops:
D:9 *

Annotations:
D:9 exclusion: orange crystal statue


Innate Abilities, Weirdness & Mutations

You cannot wear most types of armour.
You are amphibious.
You can wear up to eight rings at the same time.
Your skin changes colour to match your surroundings (Stealth+).
Your rubbery body absorbs attacks. (AC +1, EV +1)
((You are camouflaged when in or above water. (Stealth+)))
You have tentacles for arms and can constrict up to eight enemies at once.


Message History

The skeletal warrior is moderately damaged.
The skeletal warrior hits you but does no damage.
You hit the skeletal warrior but do no damage.
The skeletal warrior is moderately damaged.
The skeletal warrior hits you with a +0 short sword!!
You hit the skeletal warrior.
The skeletal warrior is moderately damaged.
Your primal bloodlust has ended.
The skeletal warrior barely misses you.
You hit the skeletal warrior. You freeze the skeletal warrior.
The skeletal warrior is moderately damaged.
The skeletal warrior misses you.
You hit the skeletal warrior but do no damage.
The skeletal warrior is moderately damaged.
The skeletal warrior hits you with a +0 short sword!!
* * * LOW HITPOINT WARNING * * *
[a] - 580 gold - haste and resistance [b] - 528 gold - resistance, might and haste [c] - 168 gold - might and brilliance Purchase which effect?
You no longer have enough gold to petition Gozag for potion effects.
You feel very mighty all of a sudden.
You feel clever all of a sudden.
The skeletal warrior closely misses you.
You feel yourself speed up.
The skeletal warrior hits you with a +0 short sword.
* * * LOW HITPOINT WARNING * * *
You barely miss the skeletal warrior.
The skeletal warrior is moderately damaged.
You punch the skeletal warrior! You freeze the skeletal warrior.
The skeletal warrior is heavily damaged.
The skeletal warrior hits you with a +0 short sword.
* * * LOW HITPOINT WARNING * * *
You warm up again.
Your +1 hat unmelds from your body.
Things that are here:
10 gold pieces; a +0 dagger; a +0 club
There is a stone staircase leading up here.
You climb upwards.
The boulder beetle bites you!!
You die...
Your body crumbles into a pile of gold.

###.#.....###........#####.#.....
##..#.......#.....#...##....)....
.......................#..##.....
.............##............#.....
.........................###..#..
[))...................#.###...##.
..#.................#.........###
..#............B....#.........###
..##............@#.##.#.#.###...#
>.##.............####.#..........
...#....[...............≈≈≈≈≈≈≈..
.#.#.#..........#................
.#...##.........###.....≈.≈≈≈.≈.#
##..............###.....≈.....≈..
............###..##.....≈.._..≈..
............^#..........≈.....≈..
#.##........#...........≈.≈≈≈.≈..


You could see a boulder beetle.

Vanquished Creatures
  Snorg (D:11)
  Josephine (D:10)
  2 two-headed ogres
  A skeletal warrior (D:11)
  A manticore (D:11)
  Joseph (D:10)
  A troll (D:10)
  Prince Ribbit (D:5)
  Grinder (D:6)
  A hornet (D:8)
  Sigmund (D:3)
  12 yaks
  2 shadows
  5 wraiths (D:10)
  3 wyverns
  3 steam dragons
  2 water moccasins (D:5)
  An acid dragon (D:8)
  A sky beast (D:6)
  3 black bears
  3 orc warriors
  An ogre (D:4)
  A phantom (D:4)
  5 centaurs
  A gnoll sergeant (D:7)
  A bullfrog (D:7)
  A necrophage (D:5)
  8 scorpions
  20 wights
  14 killer bees
  5 howler monkeys
  2 jellies (D:5)
  6 hounds
  5 orc priests
  6 iguanas
  7 orc wizards
  8 gnolls
  7 adders
  A shadow imp (D:6)
  2 white imps
  2 ufetubi
  2 adder zombies (D:3)
  3 worms
  13 dart slugs
  34 orcs
  4 endoplasms
  8 giant cockroaches
  8 goblins
  5 hobgoblins
  2 jackals (D:4)
  10 kobolds
  3 quokkas
  9 ball pythons
  A ball python zombie (D:3)
  3 bats
  2 frilled lizards
  6 rats
263 creatures vanquished.

Notes
Turn   | Place    | Note
-------+----------+-------------------------------------------
     0 | D:1      | wormed the Octopode Transmuter began the quest for the Orb.
     0 | D:1      | Reached XP level 1. HP: 13/13 MP: 3/3
    36 | D:1      | Reached XP level 2. HP: 13/18 MP: 3/5
    39 | D:1      | Learned a level 2 spell: Wereblood
   428 | D:1      | Reached XP level 3. HP: 23/23 MP: 2/6
   937 | D:2      | Reached skill level 1 in Ice Magic
  1392 | D:2      | Reached XP level 4. HP: 28/28 MP: 1/7
  1729 | D:2      | Found a faded altar of an unknown god.
  1916 | D:2      | Identified a scroll of acquirement
  1916 | D:2      | Acquired the +8 kite shield of the Curious Wonders {+Inv
                  | Will- Int+8}
  1923 | D:2      | Learned a level 4 spell: Ice Form
  2733 | D:3      | Found a stormy altar of Qazlal.
  2734 | D:3      | Noticed an air elemental
  2737 | D:3      | Noticed a fire elemental
  2737 | D:3      | Noticed an earth elemental
  2737 | D:3      | Noticed a water elemental
  2886 | D:3      | Reached skill level 3 in Transmutations
  2907 | D:3      | Reached XP level 5. HP: 28/34 MP: 3/8
  2952 | D:3      | Identified the +11 mace of the Hurling Gods {drain, rF- rC+
                  | Str+5}
  3127 | D:3      | Noticed Sigmund
  3423 | D:3      | Found a glowing golden altar of the Shining One.
  3423 | D:3      | Found a glowing silver altar of Zin.
  3423 | D:3      | Found a white marble altar of Elyvilon.
  3629 | D:4      | Noticed a phantom
  3652 | D:4      | Killed a phantom
  3653 | D:4      | Reached XP level 6. HP: 39/39 MP: 5/10
  3721 | D:4      | Found a shimmering altar of Xom.
  3723 | D:4      | Found an ornate altar of the Wu Jian Council.
  3723 | D:4      | Found a hide-covered altar of Uskayaw.
  3725 | D:4      | Found a sparkling altar of Nemelex Xobeh.
  3725 | D:4      | Found a hazy altar of Hepliaklqana.
  3725 | D:4      | Found an ancient bone altar of Kikubaaqudgha.
  4012 | D:4      | Reached skill level 4 in Transmutations
  4250 | D:4      | Noticed a black bear
  4258 | D:4      | Killed a black bear
  4259 | D:4      | Reached XP level 7. HP: 45/45 MP: 7/11
  4543 | D:5      | Entered Level 5 of the Dungeon
  4756 | D:5      | Found a staircase to the Ecumenical Temple.
  4770 | Temple   | Entered the Ecumenical Temple
  5112 | D:5      | Found a blossoming altar of Fedhas.
  5203 | D:5      | Noticed Prince Ribbit
  5239 | D:5      | Killed Prince Ribbit
  5240 | D:5      | Reached skill level 5 in Transmutations
  5240 | D:5      | Reached XP level 8. HP: 47/52 MP: 8/13
  5398 | D:5      | Reached skill level 5 in Unarmed Combat
  5398 | D:5      | Reached skill level 6 in Transmutations
  5862 | D:5      | Reached XP level 9. HP: 58/58 MP: 10/15
  6207 | D:6      | Noticed Grinder
  6231 | D:6      | Paralysed by Grinder for 4 turns
  6334 | D:3      | Found a basalt altar of Yredelemnul.
  6478 | D:3      | Killed Sigmund
  6770 | D:6      | Paralysed by Grinder for 4 turns
  6777 | D:6      | Killed Grinder
  6910 | D:6      | Reached skill level 5 in Dodging
  7156 | D:6      | Reached skill level 7 in Transmutations
  7182 | D:6      | Reached skill level 5 in Spellcasting
  7489 | D:6      | Found a snail-covered altar of Cheibriados.
  7905 | D:7      | Reached skill level 5 in Fighting
  8106 | D:7      | Reached skill level 5 in Ice Magic
  8106 | D:7      | Reached XP level 10. HP: 63/63 MP: 8/18
  8452 | D:7      | Reached skill level 8 in Transmutations
  9031 | D:8      | Found an opulent altar of Gozag.
  9088 | D:8      | Became a worshipper of Gozag Ym Sagoz the Greedy
  9565 | D:9      | Noticed a two-headed ogre
 10000 | D:9      | Found Qogu's Assorted Antiques.
 10057 | D:9      | Killed a two-headed ogre
 10058 | D:9      | Reached skill level 9 in Transmutations
 10406 | D:9      | Noticed an orange crystal statue
 10537 | D:9      | Reached XP level 11. HP: 58/72 MP: 16/20
 10843 | D:10     | Entered Level 10 of the Dungeon
 10843 | D:10     | Found a broken altar of Ashenzari.
 10985 | D:10     | Noticed Joseph
 11517 | D:10     | Killed Joseph
 11762 | D:10     | Found a burning altar of Makhleb.
 11764 | D:10     | Found a hide-covered altar of Uskayaw.
 11767 | D:10     | Found an ancient bone altar of Kikubaaqudgha.
 11770 | D:10     | Found a sacrificial altar of Ru.
 11771 | D:10     | Found an ornate altar of the Wu Jian Council.
 11773 | D:10     | Found a hazy altar of Hepliaklqana.
 11773 | D:10     | Found a bloodstained altar of Trog.
 11774 | D:10     | Found a shadowy altar of Dithmenos.
 11776 | D:10     | Found a sparkling altar of Nemelex Xobeh.
 11780 | D:10     | Found an iron altar of Okawaru.
 11781 | D:10     | Found a radiant altar of Vehumet.
 11835 | D:10     | Identified the +9 scimitar of Makhleb's Respect {spect,
                  | rF+}
 11835 | D:10     | Noticed Josephine
 11866 | D:10     | Noticed a two-headed ogre
 11902 | D:11     | Noticed a skeletal warrior
 11902 | D:11     | Noticed a skeletal warrior
 11902 | D:11     | Noticed a skeletal warrior
 11968 | D:10     | Reached skill level 10 in Transmutations
 12011 | D:10     | Killed a two-headed ogre
 12199 | D:11     | Noticed Snorg
 12212 | D:11     | Killed Snorg
 12487 | D:11     | Noticed a manticore
 12500 | D:11     | Killed a manticore
 12676 | D:11     | Noticed a boulder beetle
 12781 | D:10     | Killed Josephine
 13028 | D:11     | Found a staircase to the Orcish Mines.
 13261 | D:11     | Killed a skeletal warrior
 13262 | D:11     | Reached XP level 12. HP: 56/81 MP: 21/23
 13278 | D:10     | Mangled by a boulder beetle

Illustrated notes

Levels and vault maps discovered:
D:1:      tarquinn_simple_flora_water_c, layout_basic, minmay_misc_feat_encased,
          minmay_cut_off
D:2:      layout_loops_corners, chequers_ecumenical_altar_simple_redux
D:3:      layout_rooms, dreamdust_divine_triumvirate,
          nicolae_qazlal_style_of_elements, nicolae_yredelemnul_corpse_copse,
          minmay_joined_circles, uniq_sigmund
D:4:      kennysheep_slugbush, layout_basic, doesnt_xom_only_xom
D:5:      minmay_chambers_of_threes, layout_basic, mainiacjoe_overflow_brackets,
          minmay_temple_entry_trees, chequers_hall_statues_wall_a,
          hangedman_glass_teeth, hangedman_abyss_or_decor_passed,
          uniq_prince_ribbit1
D:6:      layout_rooms, mainiacjoe_overflow_24_doors, uniq_grinder
D:7:      layout_loops_ring
D:8:      layout_rooms, grunt_gozag_breadcrumbs
D:9:      lemuel_flame_loot_2, layout_rooms, serial_shops,
          nicolae_shop_temple_entry_statues_fountains, minmay_protected_statue
D:10:     layout_cave_pools, nicolae_overflow_hallway_of_the_gods,
          mainiacjoe_overflow_cross_hatched, minivault_26, uniq_joseph,
          uniq_josephine
D:11:     layout_small_grid, erik_lair_orcish_takeover,
          minmay_orc_entry_temple_small, solitary_fountain,
          nicolae_transporter_circle, uniq_snorg
Temple:   ebering_the_one_and_only

Skill      XL: |  1  2  3  4  5  6  7  8  9 10 11 |
---------------+----------------------------------+-----
Ice Magic      | 1 2 3 5 |  5.0
Transmutations | 3 4 5 6 7 9 10 | 10.8
Fighting       | 2 3 4 5 6 7 |  7.4
Dodging        | 3 4 5 6 7 |  7.8
Spellcasting   | 3 4 5 6 7 |  7.3
Unarmed Combat | 4 5 6 7 8 |  8.0

Action                   |  1- 3 |  4- 6 |  7- 9 | 10-12 || total
-------------------------+-------+-------+-------+-------++-------
Melee: Unarmed           |    76 |   112 |   238 |   378 ||   804
       Kick              |    16 |    22 |    14 |       ||    52
       Constrict         |    18 |    29 |     8 |       ||    55
       Tentacles         |    16 |    21 |     6 |       ||    43
       Punch             |     2 |     4 |     2 |       ||     8
 Cast: Beastly Appendage |    19 |    23 |     7 |       ||    49
       Wereblood         |    15 |    23 |    23 |    29 ||    90
       Ice Form          |       |     3 |    23 |    35 ||    61
Invok: Potion Petition   |       |       |       |     3 ||     3
  Use: Scroll            |       |     4 |     6 |     6 ||    16
       Potion            |       |     1 |     3 |     9 ||    13
 Stab: Sleeping          |     5 |     3 |       |       ||     8
       Distracted        |       |     1 |       |     2 ||     3
Armor: Skin              |     4 |    15 |    53 |   140 ||   212
Dodge: Dodged            |    42 |    52 |   129 |   350 ||   573

Table legend: (Time is in decaauts)
 A = Elapsed time spent in this place.
 B = Non-inter-level travel time spent in this place.
 C = Inter-level travel time spent in this place.
 D = Time resting spent in this place.
 E = Time spent auto-exploring this place.
 F = Levels seen in this place.
 G = Mean time per level.
                   A        B        C        D        E       F      G
               +--------+--------+--------+--------+--------+-----+--------+
         Total |  13216 |  12695 |    521 |   1222 |   9142 |  12 | 1101.3 |
       Dungeon |  13212 |  12691 |    521 |   1222 |   9142 |  11 | 1201.1 |
        Temple |      3 |      3 |      0 |      0 |      0 |   1 |    3.0 |
               +--------+--------+--------+--------+--------+-----+--------+

Top non-repeatable levels by time:
     D:5: 1818 daAuts
     D:2: 1795 daAuts
     D:7: 1345 daAuts
    D:10: 1309 daAuts
     D:9: 1292 daAuts
     D:4: 1106 daAuts
     D:3: 1081 daAuts
     D:8: 983 daAuts
     D:6: 958 daAuts
     D:1: 794 daAuts
    D:11: 726 daAuts
  Temple: 3 daAuts
